 Dungeon Crawl Stone Soup version 0.14-a0-1876-g927fc3a (webtiles) character file.

102 Piginabag the Ruffian (level 4, -12/33 HPs)
             Began as a Formicid Monk on Jan 16, 2014.
             Mangled by an ogre
             ... wielding a +0,+0 giant club
              (23 damage)
             ... on Level 2 of the Dungeon.
             The game lasted 00:02:23 (1850 turns).

Piginabag the Ruffian (Formicid Monk)               Turns: 1850, Time: 00:02:23

HP -12/33        AC  7     Str 17      XL: 4   Next: 36%
MP  13/13        EV  8     Int  9      God:
Gold 47          SH  0     Dex 13      Spells:  0 memorised,  3 levels left

rFire  . . .     SeeInvis +     m - +0 whip (vamp)
rCold  . . .     Clarity  .     o - +0 scale mail
rNeg   . . .     Conserve .     (no shield)
rPois  x         rCorr    .     (helmet unavailable)
rElec  .         rRot     .     (no cloak)
SustAb . .       Spirit   .     (no gloves)
rMut   .         Warding  .     (no boots)
Saprov . . .     Stasis   +     (no amulet)
MR     .....                    i - ring of magical power
                                h - ring of sustenance

@: not resistant to hostile enchantments, extremely unstealthy
A: permanent stasis, dig shafts and tunnels, four strong arms, poison weakness,
antennae 3, exoskeleton 1
a: Dig, Shaft Self


You were on level 2 of the Dungeon.
You were hungry.

You visited 1 branch of the dungeon, and saw 2 of its levels.

You collected 47 gold pieces.

Inventory:

Hand weapons
 c - a +0,+0 mace
 m - a +0,+0 vampiric whip (weapon)
Armour
 a - a +0 robe
 o - a +0 scale mail (worn)
Comestibles
 b - 6 strawberries
 j - a lychee
 p - a meat ration
Scrolls
 e - 2 scrolls of identify
 f - a scroll of teleportation
 k - a scroll of remove curse
 l - a scroll of fear {unknown}
 n - a scroll of blinking {unknown}
Jewellery
 h - a ring of sustenance (left hand)
 i - a ring of magical power (right hand)
Potions
 d - a potion of brilliance
 g - 2 potions of heal wounds


   Skills:
 + Level 3.4 Fighting
 + Level 1.0 Maces & Flails
 + Level 0.2 Armour
 + Level 3.6 Dodging
 - Level 2.4 Stealth
 - Level 4.0 Unarmed Combat


You had 3 spell levels left.
You didn't know any spells.

Dungeon Overview and Level Annotations

Branches:
Dungeon (2/16)

Altars:


Innate Abilities, Weirdness & Mutations

Your are under a permanent stasis effect.
You can dig through walls and to a lower floor.
Your four strong arms can wield any weapon, most with a shield.
You are susceptible to poison.
You have a pair of large antennae on your head (SInv).
Your body is surrounded by an exoskeleton. (HP +5, AC +1)


Message History

No target in view!
Key pressed, stopping explore.
No target in view!
No target in view!
Key pressed, stopping explore.
No target in view!
No target in view!
An ogre comes into view. It is wielding a giant club.
An ogre is nearby!
You hit the ogre.
The ogre is moderately wounded.
The ogre hits you with a giant club!
Ouch! That really hurt!
An ogre is nearby!
You are feeling hungry.
You hit the ogre.
The ogre is moderately wounded.
The ogre hits you with a giant club!
Ouch! That really hurt!
You die...

#..#####.....# #..# #.....# ##..#
###.### ##...## ###.###
##.....####<....#
#.......##......#
#####...............#
#...........##..O...#
##.♣♣.≈♣....###.@....#
#..♣≈≈P♣...## #.#.#######
.?♣♣♣.P♣#### #.........#########
♣##♣≈≈♣♣ #.#.#####..........
♣♣♣♣♣.P♣♣♣♣♣# #.#.# ###########
.≈♣≈.≈≈≈≈♣♣P###.#.# #####.
...≈...≈.≈......#.##########.>...
≈≈≈≈≈≈≈≈♣P♣.###.(............###.
♣♣♣♣≈≈≈♣♣♣♣♣# #.####.######### ##


You could see an ogre.

Vanquished Creatures
  An adder (D:2)
  A worm (D:2)
  An ooze (D:1)
  2 ball pythons (D:1)
  6 bats
  3 giant cockroaches (D:2)
  10 goblins
  2 hobgoblins
  3 jackals (D:1)
  2 kobolds
  2 giant newts
  5 rats
38 creatures vanquished.

Notes
Turn   | Place    | Note
--------------------------------------------------------------
     0 | D:1      | Piginabag, the Formicid Monk, began the quest for the Orb.
     0 | D:1      | Reached XP level 1. HP: 19/19 MP: 1/1
    95 | D:1      | Reached XP level 2. HP: 16/24 MP: 2/2
   340 | D:1      | Reached XP level 3. HP: 23/28 MP: 3/3
  1031 | D:2      | Reached skill level 1 in Maces & Flails
  1031 | D:2      | Reached XP level 4. HP: 29/33 MP: 4/4
  1846 | D:2      | Noticed an ogre
  1850 | D:2      | Mangled by an ogre

Action                   |  1- 3 |  4- 6 || total
-------------------------+-------+-------++-------
Melee: Mace              |    69 |       ||    69
       Unarmed           |     1 |       ||     1
       Whip              |    28 |    52 ||    80
  Use: Scroll            |     3 |       ||     3
 Stab: Sleeping          |     2 |       ||     2
